 Dungeon Sprint DCSS version 0.29-a0-577-gafbf2c5d25 (webtiles) character file.

Game seed: 14991719336068040273

10787 mhtbhm the Convoker (level 11, -1/80 HPs)
             Began as a Hill Orc Summoner on June 14, 2022.
             Was the Champion of Sif Muna.
             Slain by a golden dragon (35 damage)
             ... in the Dungeon (Sprint I: "Red Sonja").
             The game lasted 00:21:40 (5610 turns).

mhtbhm the Convoker (Hill Orc Summoner)             Turns: 5610, Time: 00:21:41

Health: -1/80      AC:  5    Str: 10    XL:     11   Next: 67%
Magic:  4/37       EV: 13    Int: 19    God:    Sif Muna [******]
Gold:   1114       SH:  0    Dex: 11    Spells: 0/36 levels left

rFire   + . .      SeeInvis .   p - +6 dagger of Arrival {vorpal, rPois rN+ Str-2}
rCold   + + .      Faith    .   (no shield)
rNeg    + . .      Spirit   .   a - +0 robe
rPois   +          Reflect  .   l - +2 helmet
rElec   .          Harm     .   m - scarf {rC+ rF+}
rCorr   .          Rampage  .   (no gloves)
Will    .....      NoTele   +   (no boots)
Stlth   +++.......              (no amulet)
HPRegen 0.23/turn               k - ring of protection from cold
MPRegen 0.25/turn               u - ring of magical power

@: hasted, very quick
A: no striking features
a: Renounce Religion, Channel Magic, Forget Spell, Divine Exegesis


You were in the Dungeon.
You worshipped Sif Muna.
Sif Muna was exalted by your worship.
You visited 1 branch You collected 2060 gold pieces.
You spent 946 gold pieces at shops.

Inventory:

Hand Weapons
 p - the +6 dagger of Arrival (weapon) {vorpal, rPois rN+ Str-2}
   (You found it in the Dungeon)

   It inflicts extra damage upon your enemies.
   Str:       It affects your strength (-2).
   rPois:     It protects you from poison.
   rN:        It protects you from negative energy.
Missiles
 h - 4 poisoned darts
 i - 9 curare-tipped darts (quivered)
 s - 3 silver javelins
Armour
 a - a +0 robe (worn)
 l - a +2 helmet (worn)
 m - a scarf of resistance (worn)
 r - a +0 helmet of see invisible
Jewellery
 k - a ring of protection from cold (left hand)
 u - a ring of magical power (right hand)
Wands
 f - a wand of polymorph (8)
Scrolls
 j - a scroll of silence {unknown}
 n - a scroll of magic mapping {unknown}
Potions
 b - a potion of magic
 c - 4 potions of curing
 o - a potion of degeneration {unknown}
 q - a potion of mutation {unknown}
Miscellaneous
 t - a tin of tremorstones (2/2)


   Skills:
 + Level 2.4 Fighting
 + Level 0.6 Short Blades
 + Level 1.7 Throwing
 + Level 4.8 Dodging
 + Level 4.9 Stealth
 + Level 4.8 Unarmed Combat
 + Level 13.2 Spellcasting
 + Level 4.7 Hexes
 + Level 17.9 Summonings
 + Level 0.2 Ice Magic
 + Level 4.5 Air Magic
 * Level 12.4 Invocations


You couldn't memorise any spells.
You knew the following spells:

 Your Spells              Type           Power      Damage    Failure   Level
a - Summon Small Mammal   Summ           100%       N/A       0%          1
b - Call Imp              Summ           69%        N/A       0%          2
c - Call Canine Familiar  Summ           69%        N/A       0%          3
d - Summon Guardian Gole  Hex/Summ       53%        N/A       1%          3
e - Summon Lightning Spi  Summ/Air       53%        N/A       1%          4
f - Spellforged Servitor  Conj/Summ      23%        N/A       75%         7
g - Summon Ice Beast      Ice/Summ       47%        N/A       1%          4
h - Summon Forest         Summ/Tloc      23%        N/A       3%          5
i - Monstrous Menagerie   Summ           34%        N/A       3%          7

Your spell library contained the following spells:

 Spells                   Type           Power      Damage    Failure   Level
 Slow                     Hex            100%       N/A       1%          1
 Summon Cactus Giant      Summ           34%        N/A       1%          6
 Confusing Touch          Hex            30%        N/A       2%          3
 Ensorcelled Hibernation  Hex/Ice        44%        N/A       3%          2
 Apportation              Tloc           24%        N/A       5%          1
 Magic Dart               Conj           48%        1d5       5%          1
 Sting                    Tmut/Pois      48%        1d5       5%          1
 Blink                    Tloc           24%        N/A       9%          2
 Searing Ray              Conj           24%        2d5       9%          2
 Ozocubu's Armour         Ice            13%        N/A       14%         3
 Lesser Beckoning         Tloc           12%        N/A       16%         3
 Teleport Other           Tloc           12%        N/A       16%         3
 Vampiric Draining        Necr           12%        2d6       16%         3
 Fulminant Prism          Conj/Hex       10%        3d9       21%         4
 Hailstorm                Conj/Ice       13%        3d5       45%         4
 Iskenderun's Mystic Bla  Conj/Tloc      12%        2d5       47%         4
 Freezing Cloud           Conj/Ice/Air   9%         6-21      58%         5
 Irradiate                Conj/Tmut      6%         3d15      83%         5
 Eringya's Noxious Bog    Tmut/Pois      6%         N/A       100%        6
 Orb of Destruction       Conj           6%         9d6       100%        7
 Chain Lightning          Conj/Air       10%        3d14      100%        9
 Polar Vortex             Ice            6%         N/A       100%        9


Dungeon Overview and Level Annotations

Branches:
Dungeon (1/1)

Altars:
Cheibriados
Dithmenos
Elyvilon
Fedhas
Gozag
Hepliaklqana
Kikubaaqudgha
Makhleb
Nemelex Xobeh
Okawaru
Qazlal
Ru
Sif Muna
Trog
Uskayaw
Vehumet
Wu Jian
Xom
Yredelemnul
Zin
The Shining One
Jiyva
Lugonu

Shops:
D ![(*[:?([?*[[(:[*


Message History

Unknown command.
Unknown command.
Casting: Summon Guardian Golem (safe; 1% risk of failure)
Confirm with . or Enter, or press ? or * to list all spells.
A beastly little devil appears in a puff of flame.
The golden dragon closely misses you. The golden dragon claws you.
The golden dragon tramples you but does no damage.
Your ice beast hits the golden dragon but does no damage.
Unknown command.
Casting: Call Imp (safe; 0% risk of failure)
Confirm with . or Enter, or press ? or * to list all spells.
The golden dragon closely misses you.
The golden dragon claws you but does no damage.
The golden dragon tramples you.
You stumble backwards!
Your crimson imp barely misses the golden dragon.
Unknown command.
Casting: Summon Small Mammal (safe; 0% risk of failure)
Confirm with . or Enter, or press ? or * to list all spells.
The golden dragon bites you!! The golden dragon barely misses you. x2
Your manticore closely misses the golden dragon.
Your manticore claws the golden dragon but does no damage.
Your manticore closely misses the golden dragon.
Your crimson imp barely misses the golden dragon.
Your quokka is engulfed in a cloud of scalding steam.
There is an open door here.
Unknown command.
You swap places.
The golden dragon attacks as you move away!
The golden dragon bites you! The golden dragon claws you!
* * * LOW HITPOINT WARNING * * *
The golden dragon tramples you.
* * * LOW HITPOINT WARNING * * *
The golden dragon closely misses your quokka.
The golden dragon claws your quokka!
Your quokka dies!
Your quokka's corpse disappears in a puff of smoke!
Unknown command.
You feel much better.
You feel yourself speed up. The golden dragon bites you!!
You die...

##################
.§§.§.'..#..'.§..#
§§§§.##.§'..#.§..##
#.§.#######+#.§§§§#
###+# #§§§§§#
##§§@§# ###D## #9#
#H# #5Yb.§§..#
#8§§.§§....
#..§..§§...
..§...:§§..
#.....[.....


You could see a golden dragon (ally target), a friendly manticore (summoned,
sheltered), a friendly guardian golem (summoned), a friendly ice beast
(summoned, sheltered), a friendly crimson imp (summoned, sheltered) and a
friendly bat (summoned, sheltered).

Vanquished Creatures
  A floating eye (D)
  Ijyb (D)
  A ballistomycete spore (D)
3 creatures vanquished.

Vanquished Creatures (collateral kills)
  A shadow dragon (D)
  2 centaur warriors (D)
  Sonja (D)
  A deep troll (D)
  An oklob plant (D)
  2 unseen horrors (D)
  A slime creature (D)
  Sigmund (D)
  13 hogs (D)
  A yak (D)
  A redback (D)
  2 floating eyes (D)
  An ogre (D)
  7 necrophages (D)
  8 jellies (D)
43 creatures vanquished.

Vanquished Creatures (others)
  A hydra (D)
  A lindwurm (D)
  A gargoyle (D)
  4 demonic crawlers (D)
  2 kobold demonologists (D)
  A hornet (D)
  A redback (D)
  A ballistomycete spore (D)
12 creatures vanquished.

Grand Total: 58 creatures vanquished

Notes
Turn   | Place    | Note
-------+----------+-------------------------------------------
     0 | D        | mhtbhm the Hill Orc Summoner began the quest for the Orb.
     0 | D        | Reached XP level 1. HP: 14/14 MP: 3/3
   393 | D        | Noticed Ijyb
   413 | D        | Killed Ijyb
   414 | D        | Reached skill level 1 in Unarmed Combat
   414 | D        | Reached skill level 6 in Summonings
   414 | D        | Reached XP level 2. HP: 10/20 MP: 1/5
   414 | D        | Reached XP level 3. HP: 14/26 MP: 1/6
   615 | D        | Learned a level 2 spell: Call Imp
   619 | D        | Learned a level 3 spell: Call Canine Familiar
   623 | D        | Noticed an ogre
   631 | D        | Killed an ogre
   632 | D        | Reached skill level 8 in Summonings
   632 | D        | Reached XP level 4. HP: 33/33 MP: 1/8
   645 | D        | Noticed Sigmund
   653 | D        | Killed Sigmund
   654 | D        | Reached skill level 10 in Summonings
   654 | D        | Reached XP level 5. HP: 38/38 MP: 2/11
   654 | D        | Reached XP level 6. HP: 45/45 MP: 2/12
   731 | D        | Learned a level 3 spell: Summon Guardian Golem
   736 | D        | Learned a level 4 spell: Summon Lightning Spire
   737 | D        | Found an ornate altar of the Wu Jian Council.
   737 | D        | Found a shimmering blue altar of Sif Muna.
   739 | D        | Found a radiant altar of Vehumet.
   750 | D        | Found a burning altar of Makhleb.
   750 | D        | Found a viscous altar of Jiyva.
   750 | D        | Found a shimmering altar of Xom.
   750 | D        | Found a corrupted altar of Lugonu.
   750 | D        | Noticed a slime creature
   775 | D        | Killed a slime creature
   776 | D        | Reached skill level 5 in Spellcasting
   776 | D        | Reached skill level 11 in Summonings
   776 | D        | Reached XP level 7. HP: 17/51 MP: 1/15
   780 | D        | Became a worshipper of Sif Muna the Loreminder
   978 | D        | Found Bufom Zedes's Antique Armour Emporium.
   978 | D        | Found an ancient bone altar of Kikubaaqudgha.
   978 | D        | Found a hazy altar of Hepliaklqana.
   978 | D        | Found a stormy altar of Qazlal.
   978 | D        | Found a hide-covered altar of Uskayaw.
   978 | D        | Found a blossoming altar of Fedhas.
   978 | D        | Found a bloodstained altar of Trog.
   978 | D        | Found an iron altar of Okawaru.
   978 | D        | Found a basalt altar of Yredelemnul.
   978 | D        | Found a glowing golden altar of the Shining One.
   978 | D        | Found a snail-covered altar of Cheibriados.
   978 | D        | Found a sacrificial altar of Ru.
   978 | D        | Found a glowing silver altar of Zin.
   978 | D        | Found a shadowy altar of Dithmenos.
   978 | D        | Found a white marble altar of Elyvilon.
   978 | D        | Noticed a yak
   980 | D        | Killed a yak
   981 | D        | Reached skill level 1 in Air Magic
   982 | D        | Noticed Sonja
   996 | D        | Killed Sonja
   997 | D        | Reached skill level 1 in Fighting
   997 | D        | Reached skill level 13 in Summonings
   997 | D        | Reached XP level 8. HP: 43/59 MP: 3/20
  1014 | D        | Found Izimye's Distillery.
  1022 | D        | Bought a potion of haste for 130 gold pieces
  1038 | D        | Found an opulent altar of Gozag.
  1039 | D        | Found a sparkling altar of Nemelex Xobeh.
  1171 | D        | Noticed a deep troll
  1194 | D        | Killed a deep troll
  1194 | D        | Reached * piety under Sif Muna
  1195 | D        | Reached skill level 1 in Throwing
  1195 | D        | Reached XP level 9. HP: 35/64 MP: 2/21
  1325 | D        | Found Rymak's Armour Emporium.
  1349 | D        | Bought a scarf of resistance for 416 gold pieces
  1417 | D        | Noticed a kobold demonologist
  1420 | D        | Reached skill level 14 in Summonings
  1420 | D        | Reached skill level 1 in Invocations
  1424 | D        | Noticed a rust devil
  1425 | D        | Noticed a kobold demonologist
  1426 | D        | Killed a kobold demonologist
  1439 | D        | Noticed an ice devil
  1451 | D        | Noticed a smoke demon
  1460 | D        | Killed a kobold demonologist
  1460 | D        | Reached ** piety under Sif Muna
  1461 | D        | Reached skill level 1 in Hexes
  1637 | D        | Noticed a centaur warrior
  1637 | D        | Noticed a centaur warrior
  1673 | D        | Killed a centaur warrior
  1674 | D        | Reached skill level 10 in Spellcasting
  1674 | D        | Reached skill level 15 in Summonings
  1674 | D        | Reached skill level 5 in Invocations
  1676 | D        | Killed a centaur warrior
  1677 | D        | Reached XP level 10. HP: 25/72 MP: 4/24
  1794 | D        | Identified the +6 dagger of Arrival {vorpal, rPois rN+
                  | Str-2}
  2131 | D        | Noticed an oklob plant
  2569 | D        | Killed an oklob plant
  2569 | D        | Reached *** piety under Sif Muna
  3275 | D        | Killed an unseen horror
  3275 | D        | Reached **** piety under Sif Muna
  3276 | D        | Reached skill level 16 in Summonings
  3554 | D        | Killed an unseen horror
  3667 | D        | Reached ***** piety under Sif Muna
  3669 | D        | Received a gift from Sif Muna
  3842 | D        | Got Sif Muna's Handbook of Quantum Confrontation {god gift}
  3878 | D        | Got Vehumet's Disquisition on Combat Magic
  3900 | D        | Found Fil Loh's General Store.
  3900 | D        | Found Okebluc's Antique Weapon Shop.
  3900 | D        | Found Pest's Antique Armour Boutique.
  3902 | D        | Found Kisyh's Book Emporium.
  3902 | D        | Found Xeineso's Magic Scroll Shop.
  3902 | D        | Found Xufasaod's Antique Weapon Shoppe.
  3902 | D        | Found Zaom's Antique Armour Boutique.
  3902 | D        | Found Lyjiuc's Magic Scroll Emporium.
  3902 | D        | Found Naliapp's Assorted Antiques.
  3902 | D        | Found Rygi's Armour Shoppe.
  3904 | D        | Found Tiqixeib's Armour Boutique.
  3905 | D        | Bought a book of Dangerous Friends for 400 gold pieces
  3913 | D        | Found Oggeiluy's Book Emporium.
  3913 | D        | Found Cixomel's Weapon Boutique.
  3914 | D        | Found Hamom's General Store.
  3933 | D        | Learned a level 7 spell: Spellforged Servitor
  4126 | D        | Noticed a demonic crawler
  4126 | D        | Noticed a demonic crawler
  4126 | D        | Noticed a demonic crawler
  4126 | D        | Noticed a demonic crawler
  4131 | D        | Noticed a gargoyle
  4135 | D        | Killed a demonic crawler
  4141 | D        | Killed a demonic crawler
  4151 | D        | Killed a demonic crawler
  4151 | D        | Killed a demonic crawler
  4151 | D        | Received a gift from Sif Muna
  4152 | D        | Reached skill level 10 in Invocations
  4152 | D        | Reached XP level 11. HP: 79/79 MP: 18/27
  4340 | D        | Noticed a lindwurm
  4358 | D        | Killed a lindwurm
  4359 | D        | Reached skill level 17 in Summonings
  4591 | D        | Reached ****** piety under Sif Muna
  4603 | D        | Received a gift from Sif Muna
  4674 | D        | Got Sif Muna's Disquisition on Moulding and the Escort {god
                  | gift}
  4710 | D        | Learned a level 4 spell: Summon Ice Beast
  4716 | D        | Learned a level 5 spell: Summon Forest
  4926 | D        | Noticed a 12-headed hydra
  4972 | D        | Killed a 12-headed hydra
  5296 | D        | Learned a level 7 spell: Monstrous Menagerie
  5297 | D        | Noticed a shadow dragon
  5298 | D        | Noticed a golden dragon
  5310 | D        | Killed a shadow dragon
  5310 | D        | Received a gift from Sif Muna
  5588 | D        | Got Sif Muna's Collected Works on Congealing Translocation
                  | {god gift}
  5610 | D        | Slain by a golden dragon

Illustrated notes

Levels and vault maps discovered:
D:        dungeon_sprint_1 [red_sonja_temple_1, red_sonja_temple_small_1]

Skill      XL: |  1  2  3  4  5  6  7  8  9 10 11 |
---------------+----------------------------------+-----
Dodging        | 2 3 4 |  4.8
Stealth        | 2 3 4 |  4.9
Unarmed Combat | 1 2 3 4 |  4.8
Spellcasting   | 2 3 4 5 8 10 12 13 | 13.2
Summonings     | 6 8 10 11 13 15 16 17 | 17.9
Air Magic      | 1 2 3 4 |  4.5
Fighting       | 1 2 |  2.4
Throwing       | 1 |  1.7
Invocations    | 6 10 12 | 12.4
Hexes          | 2 3 4 |  4.7
Short Blades   | |  0.6
Ice Magic      | |  0.2

Action                   |  1- 3 |  4- 6 |  7- 9 | 10-12 || total
-------------------------+-------+-------+-------+-------++-------
Melee: Unarmed           |    12 |       |     2 |       ||    14
       Dagger            |       |       |       |     2 ||     2
Throw: Dart              |       |       |     5 |       ||     5
 Cast: Summon Small Mamm |     5 |     3 |     6 |    13 ||    27
       Call Canine Famil |     1 |     4 |    11 |    36 ||    52
       Call Imp          |     1 |     3 |     4 |    12 ||    20
       Summon Lightning  |       |     2 |     5 |    24 ||    31
       Summon Guardian G |       |       |     7 |    23 ||    30
       Monstrous Menager |       |       |       |     6 ||     6
       Summon Ice Beast  |       |       |       |     2 ||     2
  Use: Potion            |     1 |     1 |       |     4 ||     6
       Scroll            |       |       |       |     1 ||     1
 Stab: Distracted        |     1 |       |       |       ||     1
       Sleeping          |       |       |       |     1 ||     1
Armor: Robe              |       |     2 |     3 |     8 ||    13
Dodge: Dodged            |     2 |       |     9 |    28 ||    39

Table legend: (Time is in decaauts)
 A = Elapsed time spent in this place.
 B = Non-inter-level travel time spent in this place.
 C = Inter-level travel time spent in this place.
 D = Time resting spent in this place.
 E = Time spent auto-exploring this place.
 F = Levels seen in this place.
 G = Mean time per level.
                   A        B        C        D        E       F      G
               +--------+--------+--------+--------+--------+-----+--------+
         Total |   5597 |   5597 |      0 |   4034 |      0 |   1 | 5597.0 |
       Dungeon |   5597 |   5597 |      0 |   4034 |      0 |   1 | 5597.0 |
               +--------+--------+--------+--------+--------+-----+--------+

Top non-repeatable levels by time:
       D: 5597 daAuts
